Map: Templo congelado

Players

xXkazperXx - Winner!

  • Race: Zerg Zerg
  • League: Bronze

rorbri

  • Race: Terran Terran
  • League: Bronze

VOD

Have the link to the VOD?

Description

Time

  • Played on: April 10, 2016, 8:59 p.m.
  • Length: 10:05
Show
View Real Time Build Order
Export as new Build Order

xXkazperXx Zerg - Winner!

Build Orders: Pool First 

Get SALT Encoding   

  12  0:01  Drone  
  13  0:08  Drone  
  14  0:17  Overlord  
  14  0:37  Spawning Pool  
  14  0:39  Drone  
  14  0:41  Drone  
  15  0:45  Drone  
  16  0:55  Extractor  
  15  1:24  Queen  
  18  1:25  Zergling x4  
  18  1:26  Zergling x2  
  20  1:39  Drone  
  21  1:46  Roach Warren  
  20  1:51  Zergling x2  
  21  2:20  Zergling x2  
  21  2:22  Overlord  
  21  2:47  Lair  
  21  2:52  Roach x3  
  27  3:03  Evolution Chamber  
  26  3:51  Roach x2, Overlord x2  
  26  3:52  Overlord x2  
  30  4:09  Hatchery  
  29  4:11  Hydralisk Den  
  27  4:27  Pneumatized Carapace  
  27  4:58  Zergling x6  
  27  4:59  Zergling x2, Roach x2  
  35  5:11  Extractor, Drone  
  35  5:48  Roach x5  
  44  6:22  Burrow  
  33  7:21  Roach x3  
  34  7:27  Hydralisk x3  
  38  8:00  Roach x3  
  32  8:15  Roach x5  
  32  8:16  Roach  
  44  8:50  Zergling x10  
  44  8:51  Zergling x2  
  50  9:02  Queen  
  50  9:06  Overlord  
  50  9:07  Overlord  
Show
View Real Time Build Order
Export as new Build Order

rorbri Terran 

Build Orders:  

Get SALT Encoding   

  12  0:02  SCV  
  13  0:27  SCV  
  14  0:32  Supply Depot  
  14  0:33  Refinery  
  14  0:39  Refinery  
  14  0:59  Barracks  
  14  1:19  SCV  
  15  1:31  SCV  
  16  1:43  SCV  
  17  1:54  Factory, Marine  
  17  1:55  SCV  
  17  1:58  Bunker  
  19  2:07  SCV  
  20  2:12  Marine  
  20  2:19  SCV, Supply Depot  
  20  2:30  Marine  
  21  2:38  Bunker  
  21  2:49  Marine  
  22  2:57  Factory  
  22  3:06  Marine  
  23  3:24  Marine  
  24  3:39  Command Center  
  24  3:41  Factory Tech Lab  
  24  3:42  Marine  
  24  3:45  Starport  
  25  3:52  SCV, Starport  
  26  4:20  Siege Tank  
  29  4:29  Supply Depot  
  29  4:32  Supply Depot  
  29  4:34  Viking  
  31  5:03  Bunker  
  31  5:15  Viking x2  
  35  5:23  Refinery  
  35  5:41  SCV  
  36  5:54  SCV  
  37  6:08  Armory  
  33  6:35  Viking x2  
  31  7:43  Viking  
  16  8:40  SCV  
  16  8:53  SCV  
  17  9:05  SCV  
  19  9:17  SCV, Refinery  
Tags
 
Add a new tag
Caveats
  • Supply blocks, unpowered buildings, or Contaminate may cause inaccurate times.
  • Supply counts are checked every 10 seconds.